[Event "SUNWAY"]
[Date "2016.12.19"]
[Round "5.11"]
[White "Peralta, Fernando"]
[Black "Konguvel, Ponnuswamy"]
[Result "1-0"]
[WhiteElo "2574"]
[BlackElo "2417"]
[ECO "A05"]
[WhiteFed "ARG"]
[BlackFed "IND"]
[FCGameId "-934211009"]
[TimeControl "5400+30"]

1. Nf3 Nf6 2. c4 g6 3. Nc3 Bg7 4. e4 d6 5. d4 O-O 6. h3 e5 7. d5 a5 8. g4 Na6 9. Be3 Nc5 10. Nd2 c6 11. Be2 Bd7 12. g5 Ne8 13. h4 cxd5 14. exd5 f5 15. gxf6 Nxf6 16. h5 gxh5 17. Bxc5 dxc5 18. Qc2 e4 19. Ndxe4 Nxe4 20. Nxe4 Bf5 21. O-O-O Bxe4 22. Qxe4 Qg5+ 23. f4 Rxf4 24. Qe6+ Rf7+ 25. Kb1 Qf6 26. Rd2 Ra6 27. Qe8+ Rf8 28. Qxh5 h6 29. Bd3 Rb6 30. Rhh2 Qe5 31. Qxe5 Bxe5  32. Rhg2+ Kf7 33. Rde2 Bd4 34. Bf5 Rf6 35. Be6+ Ke8 36. Kc2 Kd8 37. Kb3 Rf2 38. Ka4 Rxe2 39. Rxe2 Kc7 40. Rh2 b6 41. Rxh6 Rf2 42. Rh7+ Kd6 43. Bd7 Rxb2 44. a3 Rg2 45. Be8 Bg7 46. Kb5 Kc7 47. Ka6 Rg4 48. a4 Rg3 49. Bb5 Rg5 50. Rh1 Bf6 51. Rh6 Bd8 52. Rxb6 Rf5 53. Rb7+ 1-0

[Event "SUNWAY"]
[Date "2016.12.19"]
[Round "5.12"]
[White "Dedebas, Emre Emin"]
[Black "Sunilduth Lyna, Narayanan"]
[Result "1/2-1/2"]
[WhiteElo "2358"]
[BlackElo "2541"]
[ECO "E10"]
[WhiteFed "TUR"]
[BlackFed "IND"]
[FCGameId "-1095182404"]
[TimeControl "5400+30"]

1. d4 Nf6 2. c4 e6 3. Nf3 d5 4. g3 Bb4+ 5. Bd2 Bd6 6. Bg2 c6 7. Qc2 Nbd7 8. O-O O-O 9. Bg5 h6 10. Bxf6 Nxf6 11. Nbd2 b6 12. e4 Be7 13. e5 Nd7 14. cxd5 cxd5 15. Rfc1 a5 16. Bf1 Nb8 17. Bb5 Ra7 18. Nf1 Ba6 19. a4 Bxb5 20. axb5 Qd7 21. Qa4 Rc8 22. Rxc8+ Qxc8 23. Ne3 Rc7 24. h4 Rc1+ 25. Kg2 Rxa1 26. Qxa1 Qd7 27. Qf1 Qc7 28. Qd1 Nd7 29. Ne1 Nf8 30. Qc2 Qxc2 31. N1xc2 h5 32. f4 f5 33. Kf3 Kf7 34. Ke2 Ng6 1/2-1/2

[Event "SUNWAY"]
[Date "2016.12.19"]
[Round "5.13"]
[White "Harsha Bharathakoti"]
[Black "Aroshidze, Levan"]
[Result "0-1"]
[WhiteElo "2332"]
[BlackElo "2517"]
[ECO "B40"]
[WhiteFed "IND"]
[BlackFed "ESP"]
[FCGameId "834471395"]
[TimeControl "5400+30"]

1. e4 c5 2. Nf3 e6 3. g3 Nc6 4. Bg2 Nf6 5. Qe2 d5 6. exd5 Nxd5 7. O-O Be7 8. Rd1 Qb6 9. c3 Bd7 10. Na3 O-O 11. Nc4 Qa6 12. d3 Rad8 13. Nce5 Nxe5 14. Nxe5 Be8 15. Bd2 f6 16. Nf3 Bf7 17. c4 Nc7 18. Bc3 e5 19. Nh4 Rfe8 20. f4 exf4 21. gxf4 Ne6 22. Qg4 Qd6 23. f5 Nf4 24. Nf3 Bf8 25. Rd2 Re3 26. Rf1 Ne2+ 27. Kf2 h5 28.  Qh4 Rde8 29. Re1 Nf4 30. Bf1 g5 31. fxg6 Nxg6 32. Qxh5 Ne5 0-1

[Event "SUNWAY"]
[Date "2016.12.19"]
[Round "5.14"]
[White "Saravanan, V."]
[Black "Narciso Dublan, Marc"]
[Result "0-1"]
[WhiteElo "2306"]
[BlackElo "2508"]
[ECO "A04"]
[WhiteFed "IND"]
[BlackFed "ESP"]
[FCGameId "2065385595"]
[TimeControl "5400+30"]

1. Nf3 f5 2. c4 Nf6 3. Nc3 e6 4. d4 Bb4 5. g3 b6 6. Bg2 Bb7 7. O-O Bxc3 8. bxc3 O-O 9. d5 Ne4 10. dxe6 dxe6 11. Ng5 Qe8 12. Nxe4 fxe4 13. Qc2 Qc6 14. Ba3 Rf7 15. Rad1 Nd7 16. Rd4 Nf6 17. Rfd1 h6 18. Rd8+ Rxd8 19. Rxd8+ Kh7 20. Rb8 Ba6 21. c5 Qd5 22. c4 Qxc4 23. Qxc4 Bxc4 24. Rb7 Rd7 25. h3 Bxe2 26. Rxa7 Bf3 27. cxb6 Rd1+ 28. Kh2 cxb6 29. Bb2 Kg6 30. Bc3 Rd3 31. Bb4 Nd5 32. Bf8 Rd2 33. Bxf3 Rxf2+ 34. Bg2 Ne3 35. Rxg7+ Kf6 36. Kh1 Nxg2 37. Ra7 e5 38. Bxh6 e3 0-1

[Event "SUNWAY"]
[Date "2016.12.19"]
[Round "5.15"]
[White "Santos Ruiz, Miguel"]
[Black "Collas, Didier"]
[Result "1/2-1/2"]
[WhiteElo "2484"]
[BlackElo "2399"]
[ECO "B90"]
[WhiteFed "ESP"]
[BlackFed "FRA"]
[FCGameId "563826227"]
[TimeControl "5400+30"]

1. e4 c5 2. Nf3 d6 3. d4 cxd4 4. Nxd4 Nf6 5. Nc3 a6 6. h3 e6 7. g4 h6 8. Bg2 Qb6  9. O-O Nc6 10. Be3 Qc7 11. f4 Bd7 12. Qf3 Be7 13. g5 hxg5 14. Nxc6 gxf4 15. Nxe7  fxe3 16. Ned5 exd5 17. Nxd5 Qd8 18. Qxe3 Nxd5 19. exd5+ Kf8 20. Qf4 Be8 21. Rae1  Rh6 22. Re6 Rf6 23. Rxf6 Qxf6 24. Qxf6 gxf6 25. Rxf6 Ke7 26. Rf4 Rc8 27. c3 Bd7  28. Kf2 b5 29. a3 Rh8 30. h4 f5 31. Bf3 Kf6 32. Rd4 Be8 33. Ke3 Ke5 34. h5 Bf7  35. Rh4 Rh7 36. a4 bxa4 37. Rxa4 Bxh5 38. Rxa6 Bxf3 39. Kxf3 Rh3+ {-error}  1/2-1/2

[Event "SUNWAY"]
[Date "2016.12.19"]
[Round "5.16"]
[White "Burmakin, Vladimir"]
[Black "Meister, Peter"]
[Result "1-0"]
[WhiteElo "2535"]
[BlackElo "2366"]
[ECO "A04"]
[WhiteFed "RUS"]
[BlackFed "GER"]
[FCGameId "343454680"]
[TimeControl "5400+30"]

1. Nf3 g6 2. g3 Bg7 3. Bg2 d5 4. c4 dxc4 5. Qa4+ c6 6. Qxc4 Nf6 7. Nc3 O-O 8.  O-O Nbd7 9. d3 Qa5 10. Bd2 Qh5 11. Qh4 Qxh4 12. Nxh4 Rd8 13.  Rab1 Nb6 14. Rfc1 Be6 15. Nf3 h6 16. b4 Nfd5 17. a3 Nxc3 18. Bxc3 Rac8 19. Bxg7  Kxg7 20. Nd2 a6 21. Ne4 Na4 22. Nc5 Nxc5 23. bxc5 Rc7 24. Rb4 f5 25. Rcb1 Bc8  26. f4 Rcd7 27. Kf2 Kf6 28. Ke3 e5 29. fxe5+ Kxe5 30. g4 Rd4 31. gxf5 gxf5 32.  Bf3 a5 33. R4b3 Rh4 34. Rh1 f4+ 35. Kd2 Kd4 36. Rc1 Be6 37. Rxb7 Bd5 38. Bxd5  Kxd5 39. Rc4 Rxh2 40. Rxf4 Kxc5 41. Kc3 Re8 42. e4 Rh3 43. Rf5+ Kd6 44. Kd4 Re6  45. Rff7 c5+ 46. Kc4 Kc6 47. Rfc7+ Kd6 48. Rxc5 {-error} 1-0

[Event "SUNWAY"]
[Date "2016.12.19"]
[Round "5.17"]
[White "Del Rio De Angelis, Salvador G."]
[Black "Panelo, Marcelo"]
[Result "1/2-1/2"]
[WhiteElo "2530"]
[BlackElo "2372"]
[ECO "E56"]
[WhiteFed "ESP"]
[BlackFed "ARG"]
[FCGameId "-1557751879"]
[TimeControl "5400+30"]

1. d4 Nf6 2. c4 e6 3. Nc3 Bb4 4. e3 O-O 5. Bd3 c5 6. Nf3 d5 7. O-O Nc6 8. Re1  dxc4 9. Bxc4 Qe7 10. Qe2 a6 11. a3 Ba5 12. Bd2 Bc7 13. Rac1 Rd8 14. dxc5 Qxc5  15. Bd3 Qd6 16. Bb1 Bd7 17. Red1 1/2-1/2

[Event "SUNWAY"]
[Date "2016.12.18"]
[Round "4.1"]
[White "Van Foreest, Jorden"]
[Black "Sasikiran, Krishnan"]
[Result "1/2-1/2"]
[WhiteElo "2605"]
[BlackElo "2661"]
[ECO "B90"]
[WhiteFed "NED"]
[BlackFed "IND"]
[FCGameId "273282049"]
[TimeControl "5400+30"]

1. e4 c5 2. Nf3 d6 3. d4 cxd4 4. Nxd4 Nf6 5. Nc3 a6 6. Rg1 e5 7. Nb3 Be6 8. g4 d5 9. exd5 Nxd5 10. Nxd5 Qxd5 11. Qxd5 Bxd5 12. Be3 Nc6 13. O-O-O O-O-O 14. Bb6 Rd6 15. a3 Bxb3 16. Rxd6 Bxd6 17. cxb3 Bc7 18. Be3 Nd4 19. Bxd4 exd4 1/2-1/2

[Event "SUNWAY"]
[Date "2016.12.18"]
[Round "4.2"]
[White "Aroshidze, Levan"]
[Black "Granda Zuniga, Julio E"]
[Result "0-1"]
[WhiteElo "2517"]
[BlackElo "2646"]
[ECO "B12"]
[WhiteFed "ESP"]
[BlackFed "PER"]
[FCGameId "2082585811"]
[TimeControl "5400+30"]

1. e4 c6 2. d4 d5 3. e5 Bf5 4. Nf3 e6 5. Be2 Nd7 6. O-O Bg6 7. Nbd2 Nh6 8. Nb3 Be7 9. a4 O-O 10. a5 f6 11. c4 Nf7 12. Bf4 fxe5 13. dxe5 Nfxe5 14. Nxe5 Rxf4 15. Nxg6 hxg6 16. Nd4 Nf8 17. a6 Qb6 18. axb7 Rb8 19. Nf3 Rxb7 20. Qd2 Rf7 21. cxd5 cxd5 22. Bd3 Bf6 23. Rfe1 Qxb2 24. Qe3 Qb6 25. Ra6 Qxe3 26. fxe3 Rb3 27. Rd1 Rc7 28. e4 Rxd3 29. Rxd3 dxe4 0-1

[Event "SUNWAY"]
[Date "2016.12.18"]
[Round "4.3"]
[White "Esplugas Esteve, Vicenc"]
[Black "Postny, Evgeny"]
[Result "1/2-1/2"]
[WhiteElo "2280"]
[BlackElo "2620"]
[ECO "D10"]
[WhiteFed "ESP"]
[BlackFed "ISR"]
[FCGameId "1141789387"]
[TimeControl "5400+30"]

1. d4 d5 2. c4 c6 3. Nc3 dxc4 4. e4 b5 5. a4 b4 6. Na2 Nf6 7. e5 Nd5 8. Bxc4 e6  9. Nf3 Be7 10. Bd2 a5 11. Nc1 Ba6 12. Qe2 O-O 13. Bd3 h6 14. Qe4 Bxd3 15. Nxd3  Nd7 16. h4 f5 17. exf6 Rxf6 18. Nde5 Nf8 19. Ng4 Rf5 20. Bxh6 Nf6 21. Nxf6+ Bxf6  22. Bg5 Bxg5 23. hxg5 Qd5 24. Qxd5 cxd5 25. Kd2 1/2-1/2

[Event "SUNWAY"]
[Date "2016.12.18"]
[Round "4.4"]
[White "Ivanisevic, Ivan"]
[Black "Petrov, Nikita"]
[Result "1-0"]
[WhiteElo "2648"]
[BlackElo "2512"]
[ECO "A20"]
[WhiteFed "SRB"]
[BlackFed "RUS"]
[FCGameId "690591514"]
[TimeControl "5400+30"]

1. c4 e5 2. Nf3 e4 3. Nd4 Nc6 4. Nc2 Nf6 5. Nc3 Bc5 6. g3 O-O 7. Bg2 Re8 8. O-O d6 9. b3 Bf5 10. Ne3 Bg6 11. Bb2 a5 12. Rc1 Nd4 13. Ncd5 Nxd5 14. cxd5 b5 15. h4 a4 16. b4 Bb6 17. Nc2 Nxc2 18. Rxc2 a3 19. Bc3 Qd7 20. e3 f6 21. h5 Bf7 22. h6 Bxd5 23. hxg7 Qxg7 24. d3 Qf7 25. Qg4+ Qg6 26. Qxg6+ hxg6 27. Bxf6 Ra4 28. Rb1 Ba8 29. d4 Bd5 30. Bh3 Bc4 31. Bd7 Bd3 32. Bxe8 Bxc2 33. Rc1 Bd3 34. Kg2 Be2 35. Rb1 g5 36. Bxg5 Kg7 37. Bc6 Bd3 38. Rh1 Rxb4 39. g4 Rb1 40. Rh6 b4 41. Re6 b3 42. Re7+ Kf8 43. Re8+ Kf7 44. Re7+ Kf8 45. Bd5 b2 46. Rf7+ Ke8 47. Rg7 Rg1+ 48. Kxg1 b1=Q+ 49. Kh2 c6 50. Be6 1-0

[Event "SUNWAY"]
[Date "2016.12.18"]
[Round "4.5"]
[White "Romanov, Evgeny"]
[Black "Krysa, Leandro"]
[Result "1-0"]
[WhiteElo "2622"]
[BlackElo "2491"]
[ECO "A45"]
[WhiteFed "RUS"]
[BlackFed "ARG"]
[FCGameId "485448359"]
[TimeControl "5400+30"]

1. d4 Nf6 2. Bg5 e6 3. Nd2 h6 4. Bh4 Nc6 5. e3 d6 6. Bd3 Bd7 7. c3 g5 8. Bg3 Bg7 9. b4 Ne7 10. e4 Ng6 11. e5 dxe5 12. dxe5 Nd5 13. Bxg6 fxg6 14. Qc2 O-O 15. Ngf3 a5 16. bxa5 Rxa5 17. O-O Qe8 18. Rfe1 Ba4 19. Nb3 Rc5 20. c4 b5 21. Nxc5 Bxc2 22. cxd5 exd5 23. Rac1 Bf5 24. Nd4 h5 25. h3 g4 26. hxg4 Bxg4 27. Na6 Bh6 28. Nxc7 Bxc1 29. Nxe8 Bd2 30. Rb1 Rxe8 31. Rxb5 Bc3 32. Rxd5 Bxd4 33. Rxd4 g5 34. f3 Be6 35. a4 Rc8 36. Be1 Rc1 37. Kf2 Kf7 38. Bd2 Rc2 39. a5 Ra2 40. Rd6 g4 41. Kg3 gxf3 42. gxf3 Ra3 43. Rd4 Ke8 44. Bb4 Ra1 45. Kh4 Rf1 46. Rd3 Bc4 47. Rd4 Be6 48. Rd6 Kf7 49. a6 Rxf3 50. Rxe6 Kxe6 51. a7 Rf4+ 52. Kxh5 Rxb4 53. a8=Q Rb6 54. Qc8+ Kd5 55. Qd8+ 1-0

[Event "SUNWAY"]
[Date "2016.12.18"]
[Round "4.6"]
[White "Edouard, Romain"]
[Black "Santos Ruiz, Miguel"]
[Result "1/2-1/2"]
[WhiteElo "2611"]
[BlackElo "2484"]
[ECO "A22"]
[WhiteFed "FRA"]
[BlackFed "ESP"]
[FCGameId "-1057506143"]
[TimeControl "5400+30"]

1. c4 Nf6 2. Nc3 e5 3. g3 Bb4 4. Bg2 O-O 5. d3 c6 6. Qb3 Na6 7. Nf3 d5 8. a3 Ba5 9. O-O d4 10. Nb1 Bc7 11. Qc2 Nb8 12. Bg5 h6 13. Bxf6 Qxf6 14. Nbd2 a5 15. b4 Qe7 16. Rab1 Be6 17. e3 dxe3 18. fxe3 axb4 19. axb4 Nd7 20. Qc3 1/2-1/2

[Event "SUNWAY"]
[Date "2016.12.18"]
[Round "4.7"]
[White "Narciso Dublan, Marc"]
[Black "Vocaturo, Daniele"]
[Result "1/2-1/2"]
[WhiteElo "2508"]
[BlackElo "2606"]
[ECO "D97"]
[WhiteFed "ESP"]
[BlackFed "ITA"]
[FCGameId "1458689004"]
[TimeControl "5400+30"]

1. d4 Nf6 2. c4 g6 3. Nc3 d5 4. Nf3 Bg7 5. Qb3 dxc4 6. Qxc4 O-O 7. e4 a6 8. e5  Nfd7 9. Be2 b5 10. Qd5 Nb6 11. Qe4 Bf5 12. Qh4 f6 13. O-O Nc6 14. Rd1 b4 15. d5  g5 16. Qg3 Nxe5 17. Nxe5 fxe5 18. Nb1 h6 19. Qb3 a5 20. Be3 Kh8 21. Bxb6 cxb6  22. Nd2 e6 23. dxe6 Qe7 24. Bc4 Rad8 25. Nf1 b5 26. Rxd8 Rxd8 27. Bxb5 Bxe6 28.  Bc4 Bxc4 1/2-1/2

[Event "SUNWAY"]
[Date "2016.12.18"]
[Round "4.8"]
[White "Zubov, Alexander"]
[Black "Minko, Vladimir"]
[Result "1/2-1/2"]
[WhiteElo "2606"]
[BlackElo "2429"]
[ECO "A46"]
[WhiteFed "UKR"]
[BlackFed "RUS"]
[FCGameId "1080407658"]
[TimeControl "5400+30"]

1. d4 Nf6 2. Nf3 e6 3. e3 c5 4. Bd3 Nc6 5. O-O Qb6 6. c3 d5 7. Nbd2 Bd6 8. Qe2 Qc7 9. a3 a6 10. c4 dxc4 11. Nxc4 Be7 12. dxc5 Bxc5 13. b4 Be7 14. Bb2 b5 15. Nce5 Bb7 16. Rac1 Qb6 17. Nxc6 Bxc6 18. Ne5 Bd5 19. Bd4 Qb7 20. f3 Rd8 21. a4 O-O 22. axb5 axb5 23. Bc5 Bd6 24. Bxd6 Rxd6 25. Rc5 Rb6 26. Bxb5 Qb8 27. Ng4 Nxg4 28. fxg4 Qb7 29. Rfc1 Bxg2 30. Rc7 Qf3 31. R1c5 Bh1 32. Qxf3 Bxf3 33. g5 g6 34. Kf2 Bd5 35. Rc8 1/2-1/2

[Event "SUNWAY"]
[Date "2016.12.18"]
[Round "4.9"]
[White "Vorobiov, Evgeny E."]
[Black "Lauber, Arnd"]
[Result "1/2-1/2"]
[WhiteElo "2583"]
[BlackElo "2421"]
[ECO "A08"]
[WhiteFed "RUS"]
[BlackFed "GER"]
[FCGameId "1899249462"]
[TimeControl "5400+30"]

1. e4 e6 2. d3 d5 3. Nd2 c5 4. g3 Nc6 5. Bg2 Nf6 6. Ngf3 Be7 7. O-O O-O 8. Re1  b5 9. e5 Nd7 10. Nf1 b4 11. h4 a5 12. Bf4 a4 13. a3 bxa3 14. bxa3 Ba6 15. Ne3  Rb8 16. c4 dxc4 17. Nxc4 Nb6 18. Nd6 Nd5 19. Qxa4 Nxf4 20. Qxf4 1/2-1/2

[Event "SUNWAY"]
[Date "2016.12.18"]
[Round "4.10"]
[White "Satyapragyan, Swayangsu"]
[Black "Peralta, Fernando"]
[Result "1/2-1/2"]
[WhiteElo "2462"]
[BlackElo "2574"]
[ECO "B12"]
[WhiteFed "IND"]
[BlackFed "ARG"]
[FCGameId "-120495896"]
[TimeControl "5400+30"]

1. e4 c6 2. d4 d5 3. e5 Bf5 4. Nf3 e6 5. Be2 Nd7 6. O-O h6 7. Nbd2 Ne7 8. Nb3 Bh7 9. Bd2 Ng6 10. c4 dxc4 11. Na5 Rb8 12. Nxc4 Be7 13. Re1 O-O 14. Rc1 Rc8 15. Qb3 Qc7 16. Bb4 Bxb4 17. Qxb4 Nb6 18. Nd6 Rb8 19. Bd3 Nc8 20. Nc4 Rd8 21. Qa3 Qe7 22. b4 Nb6 23. Nd6 Nc8 24. Nc4 Nb6 25. Nd6 Nc8 1/2-1/2

[Event "SUNWAY"]
[Date "2016.12.18"]
[Round "4.11"]
[White "Gual Pascual, Antonio"]
[Black "Lopez Martinez, Josep Manuel"]
[Result "0-1"]
[WhiteElo "2388"]
[BlackElo "2552"]
[ECO "A05"]
[WhiteFed "ESP"]
[BlackFed "ESP"]
[FCGameId "-5915239"]
[TimeControl "5400+30"]

1. Nf3 Nf6 2. c4 e6 3. g3 d5 4. Bg2 d4 5. O-O c5 6. d3 Nc6 7. e3 Be7 8. exd4 cxd4 9. Qe2 Nd7 10. Na3 O-O 11. Nc2 e5 12. Bd2 a5 13. a3 a4 14. Nb4 Bd6 15. Ng5 Nc5 16. Nxc6 bxc6 17. Bxc6 Rb8 18. Rab1 Qc7 19. Bd5 Bf5 20. Ne4 Bxe4 21. dxe4 Rb3 22. Bb4 Kh8 23. Rbd1 f6 24. Rd2 Rb8 25. Rfd1 Qd7 26. Kg2 g6 27. h4 h5 28. Rc1 Kg7 29. Bxc5 Bxc5 30. Rcc2 R8b6 31. Rd3 Rxd3 32. Qxd3 Rb3 33. Qd1 Qc8 34. Rd2 Qb8 35. Qc2 Qb6 36. Qd1 Qb8 37. Bc6 Rxb2 38. Rd3 Ra2 39. Qf3 Qb2 40. Bxa4 Qe2 41. Qxe2 Rxe2 42. Bd1 Ra2 43. Rb3 d3 44. Rxd3 Rxf2+ 45. Kh3 Bd4 46. a4 Ra2 47. g4 hxg4+ 48. Kxg4 Rg2+ 49. Kh3 Rf2 50. Rf3 Rd2 51. Rf1 f5 52. h5 f4 53. hxg6 Kxg6 54. Kg4 Rg2+ 55. Kf3 Rh2 56. Kg4 Kf6 57. a5 Rg2+ 58. Kf3 Rg3+ 59. Ke2 Re3+ 60. Kd2 Rxe4 61. Rf3 Be3+ 62. Kc3 Rd4 63. Bc2 Bd2+ 64. Kb3 e4 65. Rf1 e3 66. Bd1 Bxa5 67. Bf3 Rd2 68. c5 Ke5 69. Kc4 e2 70. Bxe2 Rxe2 71. Kb3 Rg2 0-1

[Event "SUNWAY"]
[Date "2016.12.18"]
[Round "4.12"]
[White "Garriga Cazorla, Pere"]
[Black "Burmakin, Vladimir"]
[Result "1-0"]
[WhiteElo "2386"]
[BlackElo "2535"]
[ECO "A06"]
[WhiteFed "ESP"]
[BlackFed "RUS"]
[FCGameId "-438391142"]
[TimeControl "5400+30"]

1. Nf3 d5 2. g3 c6 3. Bg2 Bf5 4. c4 e6 5. O-O Nd7 6. cxd5 cxd5 7. Nc3 Ngf6 8. d3 Bc5 9. a3 O-O 10. b4 Be7 11. Qb3 a5 12. Rb1 axb4 13. axb4 Bg4 14. Bf4 Qb6 15. Be3 Qa6 16. Nd2 Qa3 17. h3 Bh5 18. g4 Bg6 19. f4 Rfc8 20. Bd4 h6 21. e4 dxe4 22. dxe4 Qxb3 23. Rxb3 e5 24. fxe5 Nh7 25. Nd5 Bd8 26. Rc3 Rxc3 27. Bxc3 Nhf8 28. Nc4 Ne6 29. Nd6 Rb8 30. Ra1 Bh4 31. Nf5 Bd8 32. h4 Bh7 33. h5 Bg5 34. Rf1 Nd8 35. Nd6 Nf8 36. b5 Nfe6 37. Ra1 Nf4 38. Bf1 Nde6 39. Bc4 Bd8 40. Nxf4 Nxf4 41. Nxf7 Ne2+ 42. Kh2 Nxc3 43. Nxd8+ Kf8 44. Rf1+ Ke8 45. Ne6 Ke7 46. Nxg7 Rf8 47. Nf5+ Kd8 48. Ra1 Kc7 49. Rc1 1-0

[Event "SUNWAY"]
[Date "2016.12.18"]
[Round "4.13"]
[White "Shyam, Sundar M."]
[Black "Roeder, Matthias"]
[Result "1-0"]
[WhiteElo "2532"]
[BlackElo "2386"]
[ECO "B90"]
[WhiteFed "IND"]
[BlackFed "GER"]
[FCGameId "457495134"]
[TimeControl "5400+30"]

1. e4 c5 2. Nf3 d6 3. d4 cxd4 4. Nxd4 Nf6 5. Nc3 a6 6. Be3 e5 7. Nb3 Be7 8. Qd2 Be6 9. f4 b5 10. f5 Bd7 11. O-O-O b4 12. Nd5 Nxd5 13. Qxd5 Bc6 14. Qc4 a5 15. Kb1 O-O 16. g4 a4 17. Nc1 Qa5 18. g5 Rd8 19. Bg2 Bb5 20. Qd5 Na6 21. f6 gxf6 22.  gxf6 Bxf6 23. Rhg1 Nc7 24. Bh3+ Kf8 25. Qd2 b3 26. Qf2 bxc2+ 27. Kxc2 Ne8 28. Bh6+ Ke7 29. Rg8 Rdc8+ 30. Kb1 Rxc1+ 31. Rxc1 Qb4 32. Bf8+ Kd8 33. Qb6+ 1-0

[Event "SUNWAY"]
[Date "2016.12.18"]
[Round "4.14"]
[White "Lemos, Damian"]
[Black "Gu, Xiaobing"]
[Result "0-1"]
[WhiteElo "2516"]
[BlackElo "2324"]
[ECO "A05"]
[WhiteFed "ARG"]
[BlackFed "CHN"]
[FCGameId "-1191629469"]
[TimeControl "5400+30"]

1. Nf3 Nf6 2. g3 g6 3. d4 Bg7 4. Bg2 d6 5. O-O O-O 6. c4 Nc6 7. Nc3 Rb8 8. d5 Na5 9. b3 c6 10. dxc6 bxc6 11. Bd2 c5 12. Qc1 Re8 13. Bh6 Bh8 14. h3 Bb7 15. Qe3 Nc6 16. Qc1 Nd4 17. Be3 Nd7 18. Rd1 Bxf3 19. exf3 Qa5 20. Bxd4 Bxd4 21. Rd3 Ne5 22. Rxd4 cxd4 23. Nd5 Nd7 24. Qg5 Qd8 25. Qd2 e6 26. Nf4 e5 27. Nd5 Nf6 28. f4 Nxd5 29. Bxd5 Qf6 30. fxe5 dxe5 31. Re1 Kg7 32. Re4 h6 33. f4 g5 34. fxg5 hxg5 35. Rg4 Rg8 36. c5 Rbd8 37. Be4 Kf8 38. c6 Qe7 39. Qd3 Qc5 40. Kg2 Qa5 41. Qc2 Ke7 42. Qf2 Qc5 43. h4 gxh4 44. Rxh4 Rd6 45.  Qf5 Rxc6 46. Bxc6 Qxc6+ 47. Kh2 Qe6 48. Qe4 Rd8 49. Rh5 Rd5 50. Qc2 Qd6 51. Qc8 Rc5 52. Qb7+ Qd7 53. Qb4 Qc7 54. Kh3 Ke6 55. Qd2 Rc1 56. Kg4 Qc2 57. Qh6+ f6 58. Rh2 Qf5+ 59. Kh4 Rc7 60. g4 Qe4 61. Kg3 Qd3+ 0-1

[Event "SUNWAY"]
[Date "2016.12.18"]
[Round "4.15"]
[White "Kamsky, Gata"]
[Black "Olivares Canelles, Francisco"]
[Result "1-0"]
[WhiteElo "2661"]
[BlackElo "2336"]
[ECO "C91"]
[WhiteFed "USA"]
[BlackFed "CUB"]
[FCGameId "371689610"]
[TimeControl "5400+30"]

1. e4 e5 2. Nf3 Nc6 3. Bb5 a6 4. Ba4 Nf6 5. O-O Be7 6. Re1 b5 7. Bb3 O-O 8. d4 d6 9. c3 Bg4 10. d5 Na5 11. Bc2 Qc8 12. h3 Bd7 13. Nbd2 c6 14. dxc6 Qxc6 15. Nf1 Rac8 16. Bg5 Nc4 17. b3 Nb6 18. Re3 Qb7 19. Ng3 Be6 20. Rd3 h6 21. Bxf6 Bxf6 22. Nh2 Rfd8 23. Ng4 Bg5 24. Qe2 Nd7 25. Rad1 Nf6 26. Nxe5 Re8 27. Nf3 Bf4 28. Nd4 Bd7 29. Rf3 Nd5 30. Qe1 Bxg3 31. Rxg3 Qc7 32. Qd2 Nxc3 33. Qxh6 g6 34. Re1 d5 35. e5 Ne4 36. Bxe4 Rxe5 37. Rxg6+ fxg6 38. Qxg6+ Kf8 39. Qf6+ Kg8 40. Bh7+ Kxh7 41. Rxe5 1-0

[Event "SUNWAY"]
[Date "2016.12.18"]
[Round "4.16"]
[White "Sunilduth Lyna, Narayanan"]
[Black "Santarius, Erik F"]
[Result "1-0"]
[WhiteElo "2541"]
[BlackElo "2312"]
[ECO "D45"]
[WhiteFed "IND"]
[BlackFed "USA"]
[FCGameId "1299208287"]
[TimeControl "5400+30"]

1. d4 d5 2. c4 c6 3. Nc3 Nf6 4. e3 e6 5. Nf3 Nbd7 6. Qc2 Bd6 7. Bd3 O-O 8. O-O  dxc4 9. Bxc4 b5 10. Be2 a6 11. e4 e5 12. h3 Qc7 13. Be3 Re8 14. Rad1 Bb7 15.  dxe5 Nxe5 16. Nh4 b4 17. Nf5 Bf8 18. Na4 c5 19. f3 Rac8 20. b3 h5 21. Bf4 g6 22.  Ne3 Bd6 23. Kh1 c4 24. Nxc4 Nxc4 25. Bxd6 Nxd6 26. Qxc7 Rxc7 27. Rxd6 Kg7 28.  Bc4 h4 29. Rfd1 Re5 30. Nb6 Ra5 31. R1d2 Bc6 32. Kg1 Nh5 33. Nd5 Bxd5 34. exd5  Ng3 35. Rxa6 Rac5 36. Kf2 Re7 37. Rd1 Nf5 38. d6 Rd7 39. Rb6 Ra5 40. Rd2 Ra8 41.  Bb5 Rdd8 42. d7 Ra7 43. Ba4 Rc7 44. Rxb4 Rc1 45. Rc4 Ng3 46. Rxc1 1-0

[Event "SUNWAY"]
[Date "2016.12.18"]
[Round "4.17"]
[White "Silva, Luis Neves Da"]
[Black "Del Rio De Angelis, Salvador G."]
[Result "1/2-1/2"]
[WhiteElo "2307"]
[BlackElo "2530"]
[ECO "C17"]
[WhiteFed "POR"]
[BlackFed "ESP"]
[FCGameId "1564575979"]
[TimeControl "5400+30"]

1. e4 e6 2. d4 d5 3. Nc3 Bb4 4. e5 c5 5. a3 Ba5 6. b4 cxd4 7. Qg4 Ne7 8. bxa5  dxc3 9. Qxg7 Rg8 10. Qxh7 Nbc6 11. Nf3 Qc7 12. Bf4 Bd7 13. a6 O-O-O 14. axb7+  Kb8 15. Qd3 Rg4 16. g3 Ng6 17. Qxc3 d4 18. Qc5 Be8 19. c4 Nxf4 20. h3 Nxh3 21.  Rxh3 Re4+ 22. Kd2 Nxe5 23. Qxc7+ Kxc7 24. Nxe5 Rxe5 25. Rb1 Bc6 26. Rh7 Rf5 27.  b8=Q+ Rxb8 28. Rxb8 Kxb8 29. f4 e5 30. Bh3 Rf6 31. fxe5 Rf3 32. Rh8+ Kb7 33. Rf8  Rxg3 34. Rxf7+ Kb6 35. Bd7 Bxd7 36. Rxd7 Re3 37. Rd5 Kc6 38. a4 Kc7 39. Ra5 Kb6  40. Rb5+ Kc6 41. Ra5 Kb6 42. Rd5 Kc7 43. Rxd4 Rxe5 44. Kc3 Kb6 45. Rd8 Re1 46.  a5+ Kxa5 47. Rb8 Rh1 48. Kd4 1/2-1/2

[Event "SUNWAY"]
[Date "2016.12.17"]
[Round "3.1"]
[White "Sasikiran, Krishnan"]
[Black "Dobrov, Vladimir"]
[Result "1-0"]
[WhiteElo "2661"]
[BlackElo "2499"]
[ECO "B12"]
[WhiteFed "IND"]
[BlackFed "RUS"]
[FCGameId "1539772208"]
[TimeControl "5400+30"]

1. e4 c6 2. d4 d5 3. e5 Bf5 4. Nf3 e6 5. Be2 Nd7 6. O-O f6 7. c4 fxe5 8. cxd5 cxd5 9. Bb5 Bg4 10. dxe5 Bc5 11. Nc3 Ne7 12. Na4 b6 13. b4 Bxb4 14. Qd4 Bxf3 15. Qxb4 Bh5 16. Ba3 Ng6 17. Rac1 Kf7 18. f4 Kg8 19. f5 Ngxe5 20. fxe6 Nc5 21. Nxc5 bxc5 22. Qf4 Qf6 23. Qg3 1-0

[Event "SUNWAY"]
[Date "2016.12.17"]
[Round "3.2"]
[White "Krysa, Leandro"]
[Black "Ivanisevic, Ivan"]
[Result "1/2-1/2"]
[WhiteElo "2491"]
[BlackElo "2648"]
[ECO "A58"]
[WhiteFed "ARG"]
[BlackFed "SRB"]
[FCGameId "-1603973696"]
[TimeControl "5400+30"]

1. d4 Nf6 2. c4 c5 3. d5 b5 4. cxb5 a6 5. bxa6 g6 6. g3 Bg7 7. Bg2 d6 8. Nf3 O-O 9. Nc3 Nbd7 10. O-O Nb6 11. Re1 Bxa6 12. Rb1 Bc4 13. e4 Bxa2 14. Nxa2 Rxa2 15. b4 c4 16. Nd4 Na4 17. Nc6 Qd7 18. Qf3 Ng4 19. Bh3 Ne5 20. Nxe5 Qxh3 21. Nxc4 f5 22. e5 f4 23. Rb3 fxg3 24. Qxg3 Qc8 25. exd6 Qxc4 26. dxe7 Re8 27. Qd6 Nc3 28. Qe6+ Kh8 29. d6 Ne2+ 30. Rxe2 Qxc1+ 31. Re1 Qf4 32. Rf3 Qxf3 33. Qxa2 Qg4+ 34. Kh1 Qf3+ 35. Kg1 Qg4+ 36. Kh1 Qf3+ 1/2-1/2

[Event "SUNWAY"]
[Date "2016.12.17"]
[Round "3.3"]
[White "Granda Zuniga, Julio E"]
[Black "Liang, Awonder"]
[Result "1-0"]
[WhiteElo "2646"]
[BlackElo "2495"]
[ECO "A29"]
[WhiteFed "PER"]
[BlackFed "USA"]
[FCGameId "-719650973"]
[TimeControl "5400+30"]

1. c4 e5 2. Nc3 Nf6 3. Nf3 Nc6 4. g3 Nd4 5. Bg2 Nxf3+ 6. Bxf3 Bb4 7. Qb3 Bd6 8.  O-O O-O 9. Rd1 c6 10. d4 exd4 11. Rxd4 Be5 12. Rd1 d6 13. Qc2 Qd7 14. Bg5 Qe6  15. b3 Ng4 16. Rac1 Re8 17. Qd2 Qg6 18. Bg2 h6 19. Bf4 Qh5 20. h4 Nf6 21. f3 Be6  22. e4 Qg6 23. g4 Nh7 24. Be3 Rad8 25. Ne2 d5 26. cxd5 cxd5 27. Bf4 dxe4 28.  Qxd8 Rxd8 29. Rxd8+ Nf8 30. Bxe5 exf3 31. Bxf3 Bxg4 32. Bxg4 Qxg4+ 33. Ng3 f6  34. Rc4 Qf3 35. Bd6 Kh7 36. Rxf8 Qd1+ 37. Kh2 Qxd6 38. Rf7 Qd2+ 39. Kh3 f5 40.  Rcc7 1-0

[Event "SUNWAY"]
[Date "2016.12.17"]
[Round "3.4"]
[White "Santos Ruiz, Miguel"]
[Black "Romanov, Evgeny"]
[Result "1/2-1/2"]
[WhiteElo "2484"]
[BlackElo "2622"]
[ECO "C68"]
[WhiteFed "ESP"]
[BlackFed "RUS"]
[FCGameId "-424659205"]
[TimeControl "5400+30"]

1. e4 e5 2. Nf3 Nc6 3. Bb5 a6 4. Bxc6 dxc6 5. O-O Qe7 6. d4 exd4 7. Qxd4 Bg4 8. Bf4 Bxf3 9. gxf3 Nf6 10. Nc3 Nh5 11. Bg3 Nxg3 12. hxg3 Qc5 13. Rad1 Qxd4 14. Rxd4 Bc5 15. Rd3 Rd8 16. Rxd8+ Kxd8 17. f4 Ke7 18. Rd1 h5 19. Kg2 g6 20. e5 Ke6 21. Ne4 Be7 22. Kf3 b5 23. Rc1 a5 24. c4 Kd7 25. Rd1+ Ke6 26. Rc1 Kd7 27. Rd1+ Ke6 1/2-1/2